 Dungeon Crawl Stone Soup version 0.28.0-53-g5a82cb258f (webtiles) character file.

Game seed: 17668952118503296173

483 RUZZLEFAZAZZLE the Quickloader (level 7, 0/78 HPs)
             Began as a Gnoll Wanderer on July 5, 2022.
             Was an Initiate of Okawaru.
             Slain by an orc
             ... wielding a +0 mace
              (1 damage)
             ... on level 4 of the Dungeon.
             The game lasted 00:10:31 (3179 turns).

RUZZLEFAZAZZLE the Quickloader (Gnoll Wanderer)     Turns: 3179, Time: 00:10:32

Health: 0/78       AC: 23    Str:  7 (11) XL:     7   Next: 12%
Magic:  0/18       EV:  2    Int: 14      God:    Okawaru [......]
Gold:   141        SH:  5    Dex: 13      Spells: 20/21 levels left

rFire   . . .      SeeInvis .   f - +2 flail (drain)
rCold   . . .      Faith    .   c - +0 buckler
rNeg    . . .      Spirit   +   (armour currently unavailable)
rPois   +          Reflect  .   (helmet currently unavailable)
rElec   .          Harm     .   (cloak currently unavailable)
rCorr   .          Rampage  .   (gloves currently unavailable)
Will    .....      NoTele   +   (boots currently unavailable)
Stlth   ++........              h - amulet of guardian spirit
HPRegen 0.23/turn               (no ring)
MPRegen 0.16/turn               (no ring)

@: tree-form
A: stationary, stasis, torment immunity, boosted hp, (fangs 1), strong nose,
distributed training, (horns 1), clever 1, deterioration 1
a: Renounce Religion


You were on level 4 of the Dungeon.
You worshipped Okawaru.
Okawaru was noncommittal.
You were a tree.
You visited 1 branch of the dungeon, and saw 4 of its levels.

You collected 141 gold pieces.

Inventory:

Hand Weapons
 a - a +2 hand crossbow
 f - a +2 flail of draining (weapon)
Armour
 c - a +0 buckler (worn)
 i - a +0 pair of gloves (melded)
 l - a +0 scale mail (melded)
 m - a +0 helmet
Jewellery
 h - an amulet of guardian spirit (around neck)
Wands
 j - a wand of acid (8)
Potions
 d - a potion of flight


   Skills:
 + Level 3.5 Fighting
 + Level 2.3 Short Blades
 + Level 2.3 Long Blades
 + Level 2.3 Axes
 + Level 2.3 Maces & Flails
 + Level 2.3 Polearms
 + Level 2.3 Staves
 + Level 2.3 Slings
 + Level 2.3 Bows
 + Level 8.8 Crossbows
 + Level 2.3 Throwing
 + Level 2.3 Armour
 + Level 2.3 Dodging
 + Level 2.3 Stealth
 + Level 3.5 Shields
 + Level 2.3 Unarmed Combat
 + Level 7.5 Spellcasting
 + Level 1.8 Conjurations
 + Level 1.8 Hexes
 + Level 1.8 Summonings
 + Level 1.8 Necromancy
 + Level 1.8 Translocations
 + Level 1.8 Transmutations
 + Level 1.8 Fire Magic
 + Level 1.8 Ice Magic
 + Level 1.8 Air Magic
 + Level 1.8 Earth Magic
 + Level 1.8 Poison Magic
 + Level 2.5 Invocations
 + Level 3.5 Evocations


You had 20 spell levels left.
You knew the following spells:

 Your Spells              Type           Power      Damage    Failure   Level
a - Sting                 Tmut/Pois      40%        1d5       9%          1

Your spell library contained the following spells:

 Spells                   Type           Power      Damage    Failure   Level
 Pain                     Necr           40%        1d6       9%          1
 Ignite Poison            Fire/Tmut/Pois 10%        N/A       24%         3
 Vampiric Draining        Necr           10%        2d6       24%         3
 Animate Skeleton         Necr           Unusable   N/A       N/A         1

Dungeon Overview and Level Annotations

Branches:
Dungeon (4/15)
 Temple: D:4-7

Altars:
Okawaru


Innate Abilities, Weirdness & Mutations

You are a tree.
Your roots penetrate the ground, keeping you stationary.
You cannot be teleported.
You are immune to unholy pain and torment.
Your maximum health is greatly increased.
Your equipment is partially melded.
((You have very sharp teeth.))
Your uncanny sense of smell can sniff out nearby items.
Your experience applies equally to all skills.
((You have a pair of small horns on your head.))
Your mind is acute. (Int +2)
Your body sometimes deteriorates upon taking damage.


Message History

The orc hits you but does no damage.
You are electrocuted!
* * * LOW HITPOINT WARNING * * *
You closely miss the orc wizard. You block the iguana's attack.
The orc hits you but does no damage. You block the orc's attack.
The orc wizard points at you and mumbles some strange words.
The puff of flame hits you!
* * * LOW HITPOINT WARNING * * *
You hit the orc wizard.
The orc wizard is moderately wounded.
The iguana bites you but does no damage.
The orc hits you with a +0 mace. The orc hits you but does no damage.
The orc wizard hits you but does no damage.
You closely miss the orc wizard.
The orc wizard is moderately wounded.
The iguana bites you!
* * * LOW HITPOINT WARNING * * *
You block the orc's attack.
The orc wizard hits you but does no damage.
The orc hits you but does no damage. You block the iguana's attack.
The orc hits you but does no damage.
The orc wizard hits you but does no damage.
The orc hits you but does no damage.
Okay, then.
You closely miss the orc. The iguana bites you.
* * * LOW HITPOINT WARNING * * *
The orc hits you but does no damage. x2
The orc wizard hits you but does no damage.
You sock the orc!
You kill the orc!
Okawaru accepts your kill. The iguana bites you.
* * * LOW HITPOINT WARNING * * *
The orc hits you but does no damage. You block the orc wizard's attack.
The iguana bites you but does no damage.
You barely miss the orc. The orc wizard completely misses you.
The orc hits you but does no damage. The iguana bites you.
* * * LOW HITPOINT WARNING * * *
The orc wizard hits you but does no damage.
The orc hits you with a +0 mace.
You die...

...''######
.......(..#
..>.......#
#.........#
#(........#
........|.#
.....(l)(#########
(....(o♣((((((.§(#
)....$o..#######§#
.........# #)#
........## #####.#
........# #.†..(#
........# #)#####
........# #.#
........# #.# #.#


You could see an iguana, an orc wizard and an orc.

Vanquished Creatures
  A phantom (D:4)
  4 orc priests
  A hound (D:3)
  Terence (D:3)
  7 gnolls (D:2)
  9 adders
  A worm (D:4)
  2 dart slugs (D:1)
  9 orcs
  4 bats
  2 endoplasms (D:3)
  7 giant cockroaches
  5 goblins
  6 hobgoblins
  7 jackals
  2 quokkas (D:2)
  5 ball pythons
  3 frilled lizards
  4 kobolds
  4 rats
84 creatures vanquished.

Notes
Turn   | Place    | Note
-------+----------+-------------------------------------------
     0 | D:1      | RUZZLEFAZAZZLE the Gnoll Wanderer began the quest for the
                  | Orb.
     0 | D:1      | RUZZLEFAZAZZLE set off with the following items: a +2 hand
                  | crossbow, 28 bolts, a +0 buckler, a +0 robe; and the
                  | following spell memorised: Sting; and the following spells
                  | available to memorise: Ignite Poison
     0 | D:1      | Reached XP level 1. HP: 17/17 MP: 8/8
   241 | D:1      | Reached XP level 2. HP: 23/23 MP: 10/10
   900 | D:2      | Reached XP level 3. HP: 28/28 MP: 11/11
   933 | D:2      | Reached skill level 1 in Invocations
   936 | D:2      | Reached skill level 1 in Short Blades
   936 | D:2      | Reached skill level 1 in Long Blades
   936 | D:2      | Reached skill level 1 in Axes
   936 | D:2      | Reached skill level 1 in Maces & Flails
   936 | D:2      | Reached skill level 1 in Polearms
   936 | D:2      | Reached skill level 1 in Staves
   936 | D:2      | Reached skill level 1 in Slings
   936 | D:2      | Reached skill level 1 in Bows
   936 | D:2      | Reached skill level 1 in Throwing
   936 | D:2      | Reached skill level 1 in Armour
   936 | D:2      | Reached skill level 1 in Dodging
   936 | D:2      | Reached skill level 1 in Stealth
   936 | D:2      | Reached skill level 1 in Unarmed Combat
   936 | D:2      | Reached XP level 4. HP: 34/34 MP: 13/13
  1267 | D:2      | Reached skill level 1 in Conjurations
  1267 | D:2      | Reached skill level 1 in Hexes
  1267 | D:2      | Reached skill level 1 in Summonings
  1267 | D:2      | Reached skill level 1 in Necromancy
  1267 | D:2      | Reached skill level 1 in Translocations
  1267 | D:2      | Reached skill level 1 in Transmutations
  1267 | D:2      | Reached skill level 1 in Fire Magic
  1267 | D:2      | Reached skill level 1 in Ice Magic
  1267 | D:2      | Reached skill level 1 in Air Magic
  1267 | D:2      | Reached skill level 1 in Earth Magic
  1267 | D:2      | Reached skill level 1 in Poison Magic
  1274 | D:2      | Reached XP level 5. HP: 32/40 MP: 14/14
  1498 | D:2      | Found a faded altar of an unknown god.
  1998 | D:3      | Gained mutation: You have a pair of small horns on your
                  | head. [potion of mutation]
  1998 | D:3      | Gained mutation: Your mind is acute. (Int +2) [potion of
                  | mutation]
  1998 | D:3      | Gained mutation: Your body sometimes deteriorates upon
                  | taking damage. [potion of mutation]
  2244 | D:3      | Reached XP level 6. HP: 23/47 MP: 16/16
  2641 | D:3      | Noticed Terence
  2650 | D:3      | Killed Terence
  2830 | D:3      | Found an iron altar of Okawaru.
  2850 | D:3      | Became a worshipper of Warmaster Okawaru
  3167 | D:4      | Reached XP level 7. HP: 38/52 MP: 7/18
  3179 | D:4      | HP: 1/78 [iguana (5)]
  3179 | D:4      | Slain by an orc

Illustrated notes

Levels and vault maps discovered:
D:1:      psy_arrival_fountain, layout_basic
D:2:      layout_basic, chequers_ecumenical_altar_island
D:3:      layout_rooms, okawaru_metal_pillars_3, uniq_terence
D:4:      layout_basic, serial_bayou_pond_d

Skill      XL: |  1  2  3  4  5  6 |
---------------+-------------------+-----
Invocations    | 1 2 |  2.5
Short Blades   | 1 2 |  2.3
Long Blades    | 1 2 |  2.3
Axes           | 1 2 |  2.3
Maces & Flails | 1 2 |  2.3
Polearms       | 1 2 |  2.3
Staves         | 1 2 |  2.3
Slings         | 1 2 |  2.3
Bows           | 1 2 |  2.3
Throwing       | 1 2 |  2.3
Armour         | 1 2 |  2.3
Dodging        | 1 2 |  2.3
Stealth        | 1 2 |  2.3
Unarmed Combat | 1 2 |  2.3
Conjurations   | 1 |  1.8
Hexes          | 1 |  1.8
Summonings     | 1 |  1.8
Necromancy     | 1 |  1.8
Translocations | 1 |  1.8
Transmutations | 1 |  1.8
Fire Magic     | 1 |  1.8
Ice Magic      | 1 |  1.8
Air Magic      | 1 |  1.8
Earth Magic    | 1 |  1.8
Poison Magic   | 1 |  1.8
Fighting       | 3 |  3.5
Shields        | 3 |  3.5
Evocations     | 3 |  3.5
Crossbows      | |  8.8
Spellcasting   | |  7.5

Action                   |  1- 3 |  4- 6 |  7- 9 || total
-------------------------+-------+-------+-------++-------
Melee: Flail             |       |       |     8 ||     8
 Fire: Hand crossbow     |    39 |   167 |     4 ||   210
  Use: Potion            |       |     7 |       ||     7
       Scroll            |       |     3 |       ||     3
Armor: Robe              |     1 |     2 |       ||     3
       Scale mail        |       |    28 |       ||    28
       Skin              |       |     1 |    32 ||    33
Dodge: Dodged            |     2 |    20 |     2 ||    24
Block: Buckler           |     1 |    13 |     7 ||    21
